 Dungeon Crawl Stone Soup version 0.31.0-11-ge490571c62 (webtiles) character file.

Game seed: 12737784136462180056

93 boopmooplesden the Covered (level 4, -2/38 HPs)
             Began as an Armataur Fighter on Feb 1, 2024.
             Was an Initiate of the Shining One.
             Incinerated by a bombardier beetle (7 damage)
             ... with a burning spray
             ... on level 3 of the Dungeon.
             The game lasted 00:02:15 (1238 turns).

boopmooplesden the Covered (Armataur Fighter)       Turns: 1238, Time: 00:02:16

Health: -2/38      AC:  7    Str: 22    XL:     4   Next: 36%
Magic:  13/13      EV:  7    Int:  8    God:    the Shining One [......]
Gold:   91         SH:  4    Dex: 11    Spells: 3/3 levels left

rFire   . . .        a - +1 long sword
rCold   . . .        c - +0 buckler
rNeg    . . .        b - +0 scale mail
rPois   .            (no helmet)
rElec   .            h - scarf {repulsion}
rCorr   .            (no gloves)
SInv    .            (no barding)
Will    .....        (no amulet) Stlth
                     n - ring of magical power
HPRegen 0.26/turn    (no ring)
MPRegen 0.46/turn

%: repel missiles, roll
@: on fire, glowing
A: large, deformed body, tough skin 3, armoured tail, roll 1
a: Renounce Religion


You were on level 3 of the Dungeon.
You worshipped the Shining One.
The Shining One was noncommittal.
You visited 1 branch of the dungeon, and saw 3 of its levels.

You collected 91 gold pieces.

Inventory:

Hand Weapons
 a - a +1 long sword (weapon)
Armour
 b - a +0 scale mail (worn)
 c - a +0 buckler (worn)
 h - a scarf of repulsion (worn)
Jewellery
 n - a ring of magical power (left hand)
Scrolls
 e - a scroll of poison
 i - 2 scrolls of fear
 l - 2 scrolls of identify {unknown}
 m - a scroll of teleportation
Potions
 d - a potion of might
 f - a potion of enlightenment {unknown}
 g - 2 potions of lignification {unknown}
 j - a potion of heal wounds {unknown}
 k - 2 potions of curing {unknown}


   Skills:
 + Level 3.1 Fighting
 + Level 2.2 Long Blades
 + Level 4.7 Armour
 + Level 0.3 Dodging
 + Level 4.2 Shields


You had 3 spell levels left.
You didn't know any spells.
Your spell library contained the following spells:

 Spells                   Type           Power      Damage    Failure   Level
 Magic Dart               Conj           0%         1d3       80%         1
 Searing Ray              Conj           0%         2d4       90%         2
 Fulminant Prism          Conj/Alch      0%         3d5       100%        4


Dungeon Overview and Level Annotations

Branches:
Dungeon (3/15)

Altars:
The Shining One


Innate Abilities, Weirdness & Mutations

Armour fits poorly on your strangely shaped body.
You have extremely tough skin. (AC +3)
You have a long armoured tail.
You regenerate magic when rolling toward enemies. (Rampage MPRegen)


Message History

An endoplasm comes into view.
The endoplasm quivers.
You roll towards the endoplasm!
The bombardier beetle closely misses you.
You barely miss the bombardier beetle.
The bombardier beetle sprays incendiary fluid at you.
The burning spray hits you.
You are covered in liquid fire!
You hit the bombardier beetle but do no damage.
You tail-slap the bombardier beetle!
The bombardier beetle is heavily wounded.
The liquid fire burns you!
You hit the bombardier beetle but do no damage.
You tail-slap the bombardier beetle.
The bombardier beetle is severely wounded.
The liquid fire burns you! The endoplasm closely misses you.
The bombardier beetle sprays incendiary fluid at you.
The burning spray hits you.
You are even more covered in liquid fire!
You block the endoplasm's attack.
You hit the bombardier beetle.
The bombardier beetle is almost dead.
The liquid fire burns you! The endoplasm hits you.
The bombardier beetle sprays incendiary fluid at you.
You block the burning spray.
You hit the bombardier beetle.
The bombardier beetle is almost dead.
The liquid fire burns you!
* * * LOW HITPOINT WARNING * * *
The endoplasm freezes you.
You are frozen.
* * * LOW HITPOINT WARNING * * *
The bombardier beetle sprays incendiary fluid at you.
The burning spray is repelled.
You slash the bombardier beetle!
You kill the bombardier beetle!
The liquid fire burns you!
You die...

. . .# .. . #.#
..)#. #.# #...# #.#
#...####.#
##.>..<...######.#
..................
#####..#......###.#
##......@J....#
#.............#
#..............
#..........##..
#........$.# .
#..........#
##........##
#...)....#
..........


You could see an endoplasm.

Vanquished Creatures
  A bombardier beetle (D:3)
  An adder (D:3)
  4 gnolls (D:2)
  A dart slug (D:1)
  A ribbon worm (D:2)
  6 ball pythons
  3 endoplasms (D:2)
  2 giant cockroaches
  2 goblins (D:2)
  4 hobgoblins
  2 jackals (D:1)
  5 kobolds
  A quokka (D:1)
  4 bats (D:1)
  2 frilled lizards
  2 rats
41 creatures vanquished.

Notes
Turn   | Place    | Note
-------+----------+-------------------------------------------
     0 | D:1      | boopmooplesden the Armataur Fighter began the quest for the
                  | Orb.
     0 | D:1      | Reached XP level 1. HP: 18/18 MP: 1/1
   125 | D:1      | Reached XP level 2. HP: 25/25 MP: 2/2
   627 | D:2      | Reached XP level 3. HP: 31/31 MP: 3/3
   684 | D:2      | Found a glowing golden altar of the Shining One.
   709 | D:2      | Reached XP level 4. HP: 8/38 MP: 4/4
   896 | D:2      | Became a worshipper of the Shining One
  1238 | D:3      | Incinerated by a bombardier beetle

Illustrated notes

Levels and vault maps discovered:
D:1:      minmay_arrival_loop, layout_rooms, hangedman_glass_teeth
D:2:      layout_rooms, basic_altar
D:3:      layout_rooms, gammafunk_ghost_split, uniq_natasha

Skill      XL: |  1  2  3 |
---------------+----------+-----
Armour         | 4 |  4.7
Fighting       | 3 |  3.1
Long Blades    | 2 |  2.2
Shields        | 4 |  4.2
Dodging        | |  0.3

Action                     |  1- 3 |  4- 6 || total
---------------------------+-------+-------++-------
  Melee: Long sword        |   106 |    32 ||   138
         Tailslap          |     4 |     6 ||    10
    Use: Scroll            |     4 |       ||     4
 Armour: Scale mail        |   125 |    17 ||   142
  Dodge: Dodged            |    42 |    10 ||    52
         Repelled          |       |     2 ||     2
  Block: Buckler           |    31 |     5 ||    36
